Map: Romanticide LE

Players

Has - Winner!

  • Race: Protoss Protoss

ExpecT

  • Race: Terran Terran

Event: DreamHack SC2 Masters 2021 Fall

VOD

Have the link to the VOD?

Description

Time

  • Played on: July 30, 2021, 9:28 a.m.
  • Length: 8:12

All games in this series

Show
View Real Time Build Order
Export as new Build Order

Has Protoss - Winner!

Build Orders: 1 Gate Expand, Phoenix Opening, Colossus Rush 

Get SALT Encoding   

  12  0:00  Probe  
  13  0:12  Probe  
  14  0:17  Pylon  
  14  0:24  Probe (Chrono Boost)  
  16  0:36  Gateway  
  16  0:37  Probe (Chrono Boost)  
  16  0:42  Probe (Chrono Boost)  
  16  0:46  Assimilator  
  17  0:52  Probe  
  19  1:04  Probe  
  19  1:16  Probe  
  20  1:24  Cybernetics Core  
  20  1:28  Probe  
  21  1:40  Nexus  
  21  1:45  Pylon  
  21  1:50  Assimilator  
  22  1:58  Adept (Chrono Boost)  
  23  2:03  Probe  
  24  2:13  Warp Gate  
  24  2:15  Probe  
  25  2:27  Probe (Chrono Boost)  
  26  2:30  Stargate  
  26  2:33  Adept  
  28  2:39  Probe (Chrono Boost)  
  29  2:48  Probe (Chrono Boost)  
  30  2:52  Probe (Chrono Boost)  
  30  2:53  Probe  
  32  3:03  Shield Battery  
  32  3:04  Probe  
  32  3:05  Shield Battery, Adept  
  33  3:06  Probe  
  36  3:14  Phoenix (Chrono Boost)  
  36  3:16  Probe  
  36  3:18  Probe  
  40  3:29  Pylon  
  40  3:30  Probe  
  40  3:31  Pylon  
  40  3:33  Phoenix  
  41  3:36  Probe  
  44  3:43  Robotics Facility  
  44  3:46  Probe  
  45  3:48  Probe  
  46  3:58  Phoenix (Chrono Boost), Probe  
  45  4:05  Probe  
  45  4:10  Probe  
  45  4:14  Phoenix (Chrono Boost)  
  45  4:17  Probe  
  49  4:22  Probe  
  50  4:29  Probe  
  51  4:34  Probe  
  50  4:41  Probe  
  50  4:46  Probe  
  51  4:53  Probe  
  51  4:58  Probe  
  51  5:05  Robotics Bay, Probe  
  51  5:06  Phoenix  
  50  5:10  Probe  
  49  5:17  Assimilator, Probe  
  49  5:19  Assimilator  
  49  5:20  Pylon  
  54  5:22  Observer (Chrono Boost), Probe  
  54  5:25  Nexus  
  52  5:28  Pylon  
  52  5:29  Probe  
  52  5:32  Phoenix  
  52  5:35  Probe  
  56  5:41  Zealot, Probe  
  59  5:50  Probe  
  59  5:54  Colossus (Chrono Boost)  
  59  5:55  Probe  
  59  5:56  Shield Battery  
  61  6:02  Probe  
  68  6:06  Pylon  
  68  6:07  Probe  
  68  6:11  Gateway  
  69  6:12  Gateway  
  69  6:18  Zealot  
  71  6:21  Probe  
  72  6:27  Probe  
  72  6:30  Shield Battery  
  72  6:31  Phoenix  
  75  6:35  Colossus (Chrono Boost)  
  81  6:42  Probe  
  76  6:47  Probe x2  
  76  6:52  Shield Battery  
  78  7:05  Phoenix  
  78  7:06  Zealot  
  78  7:07  Zealot x2  
  86  7:13  Probe  
  87  7:16  Probe  
  87  7:17  Probe  
  85  7:30  Phoenix  
  85  7:34  Probe (Chrono Boost)  
  85  7:35  Probe x2 (Chrono Boost)  
  92  7:46  Forge, Probe (Chrono Boost)  
  92  7:47  Forge  
  92  7:48  Probe x2 (Chrono Boost)  
  92  7:50  Twilight Council  
  92  7:51  Pylon  
  93  7:53  Assimilator  
  93  7:54  Assimilator  
  93  7:57  Pylon x2  
Show
View Real Time Build Order
Export as new Build Order

ExpecT Terran 

Build Orders: 1/1/1 

Get SALT Encoding   

  12  0:00  SCV  
  13  0:12  SCV  
  14  0:17  Supply Depot  
  14  0:24  SCV  
  15  0:38  SCV  
  15  0:39  Barracks  
  16  0:44  Refinery  
  16  0:50  SCV  
  16  0:53  Refinery  
  17  1:03  SCV  
  18  1:15  SCV  
  19  1:28  Marine  
  19  1:29  Orbital Command  
  20  1:33  Factory  
  20  1:47  Barracks Reactor  
  20  1:49  Supply Depot  
  20  1:55  SCV  
  21  2:07  SCV  
  22  2:12  Supply Depot  
  22  2:18  Starport  
  22  2:19  SCV  
  23  2:26  Hellion  
  23  2:27  Hellion  
  27  2:32  SCV  
  28  2:44  SCV  
  29  2:49  Hellion x2  
  33  2:57  Medivac  
  35  3:04  Supply Depot  
  35  3:10  Widow Mine  
  35  3:11  Widow Mine  
  39  3:16  Barracks Tech Lab  
  39  3:32  Widow Mine x2, Command Center  
  43  3:39  Viking  
  45  3:46  Supply Depot  
  46  3:48  SCV  
  46  4:00  SCV  
  45  4:12  Marine  
  45  4:13  Marine, Viking, Cyclone  
  48  4:30  Marine x2  
  50  4:32  SCV  
  51  4:43  Viking  
  49  4:46  Cyclone  
  49  4:48  Marine x2  
  50  4:55  Orbital Command  
  48  5:03  SCV  
  48  5:10  Marine  
  48  5:13  Viking  
  49  5:18  SCV, Siege Tank  
  53  5:22  SCV  
  54  5:29  Marine  
  54  5:30  Marine  
  54  5:31  SCV  
  54  5:34  SCV  
  58  5:36  Barracks  
  58  5:43  Supply Depot, SCV  
  58  5:47  Barracks  
  59  5:50  SCV, Siege Tank  
  59  5:54  Marine x2  
  59  5:55  SCV  
  66  5:58  Liberator  
  66  6:02  Supply Depot, SCV  
  70  6:10  SCV  
  71  6:13  Marine x2  
  71  6:14  SCV  
  71  6:16  Supply Depot  
  74  6:19  Refinery  
  74  6:20  Engineering Bay  
  74  6:23  SCV  
  75  6:26  Supply Depot  
  75  6:29  Barracks Tech Lab  
  75  6:31  Marine x2  
  75  6:32  SCV  
  78  6:35  SCV  
  74  6:48  Marine  
  74  6:51  Barracks Tech Lab, Starport Reactor  
  74  6:53  Siege Tank  
  78  7:00  SCV  
  73  7:10  Marine x2, Marauder  
  73  7:12  Marauder  
  73  7:14  SCV, Barracks  
  73  7:15  Barracks  
  77  7:27  Marine  
  77  7:28  Marine  
  65  7:30  SCV x2  
  65  7:32  Marauder  
  65  7:34  Marauder  
  64  7:40  Command Center  
  64  7:42  Refinery  
  61  7:45  Marine, SCV  
  61  7:46  SCV  

Tags
 
Add a new tag
Caveats
  • Supply blocks, unpowered buildings, or Contaminate may cause inaccurate times.
  • Supply counts are checked every 10 seconds.